 Dungeon Crawl Stone Soup version bcrawl-1.28.5 (console) character file.

Game seed: 9951710708372848489

88890 GodsVoicemail the Magician (level 2, 19/19 HPs)
             Began as a Demonspawn Wizard on Feb 19, 2021.
             Quit the game on level 1 of the Dungeon.
             The game lasted 00:02:38 (361 turns).

GodsVoicemail the Magician (Demonspawn Wizard)       Turns: 361, Time: 00:02:38

Health: 19/19      AC:  2    Str:  7    XL:     2   Next: 3%
Magic:  3/6        EV: 12    Int: 19    God:
Gold:   24         SH:  0    Dex: 11    Spells: 6/7 levels left

rFire    x . .     SeeInvis .   a - +0 staff
rCold    + . .     Gourm    .   (no shield)
rNeg     . . .     Faith    .   b - +0 robe
rPois    .         Spirit   +   c - +0 hat
rElec    .         Reflect  .   (no cloak)
rCorr    .         Harm     .   (no gloves)
MR       .....                  (no boots)
Stlth    ++........             (no amulet)
HPRegen  0.06/turn              g - ring of ice
MPRegen  0.10/turn              (no ring)

@: no status effects
A: magic shield
a: no special abilities


You were on level 1 of the Dungeon.
You were not hungry.

You visited 1 branch of the dungeon, and saw 1 of its levels.

You collected 24 gold pieces.

Inventory:

Hand Weapons
 a - a +0 staff (weapon)
Armour
 b - a +0 robe (worn)
 c - a +0 hat (worn)
Jewellery
 g - a ring of ice (left hand)
Scrolls
 h - a scroll of teleportation {unknown}
Potions
 d - a potion of invisibility {unknown}
 f - a potion of brilliance
Comestibles
 e - 2 rations {!d}


   Skills:
 - Level 1.7 Dodging
 - Level 2.0 Stealth
 - Level 3.0 Spellcasting
 * Level 2.1 Conjurations
   Level 1.0 Summonings
   Level 0.8 Translocations


You had 6 spell levels left.
You knew the following spells:

 Your Spells              Type           Power        Failure   Level  Hunger
a - Magic Dart            Conj           ##..         6%          1    None

Your spell library contained the following spells:

 Spells                   Type           Power        Failure   Level  Hunger
 Blink                    Tloc           N/A          16%         2    #......
 Call Imp                 Summ           #.....       16%         2    #......
 Conjure Flame            Conj/Fire      #.......     30%         3    ####...
 Mephitic Cloud           Conj/Pois/Air  #.......     34%         3    ####...
 Spider Form              Tmut/Pois      #..          41%         3    ####...


Dungeon Overview and Level Annotations

Branches:
Dungeon (1/12)

Altars:


Innate Abilities, Weirdness & Mutations

When hurt, damage is shared between your health and your magic reserves.


Message History

A hobgoblin comes into view. It is wielding a +0 club.
Casting: Magic Dart (safe; 7% risk of failure)
Confirm with . or Enter, or press ? or * to list all spells.
Aiming: Magic Dart (safe; 7% risk of failure)
Press: ? - help, Shift-Dir - straight line, f - hobgoblin
Aim: a hobgoblin, wielding a +0 club (resting)
The magic dart hits the hobgoblin.
The hobgoblin is heavily wounded.
The hobgoblin shouts!
Casting: Magic Dart (safe; 7% risk of failure)
Confirm with . or Enter, or press ? or * to list all spells.
Aiming: Magic Dart (safe; 7% risk of failure)
Press: ? - help, Shift-Dir - straight line, f/p - hobgoblin
Aim: a hobgoblin, wielding a +0 club (heavily wounded)
The magic dart hits the hobgoblin.
You kill the hobgoblin!
You have reached level 2!
Your demonic ancestry asserts itself...
You feel your magical essence form a protective shroud around your flesh.
Are you sure you want to abandon this character and quit the game? (Confirm with "yes".)

#### #... #..) #...
..... #... ##### #.....
#... #...# #.....
#...##...## #.....
#...@.....# #.....
#...##....######.....
.......+.............>..
.......##...............
...#.#. #...######.....#
.. #... #...# #.#)..# .
# ## #...# #.##.## #...#
#..†... #... #####.##


There were no monsters in sight!

Vanquished Creatures
  A leopard gecko (D:1)
  2 hobgoblins (D:1)
  A frilled lizard (D:1)
  2 goblins (D:1)
  A kobold (D:1)
  A rat (D:1)
8 creatures vanquished.

Notes
Turn   | Place    | Note
-------+----------+-------------------------------------------
     0 | D:1      | GodsVoicemail the Demonspawn Wizard began the quest for the
                  | Orb.
     0 | D:1      | Reached XP level 1. HP: 13/13 MP: 4/4
   361 | D:1      | Gained mutation: When hurt, damage is shared between your
                  | health and your magic reserves. [demonic ancestry]
   361 | D:1      | Reached XP level 2. HP: 19/19 MP: 3/6
   361 | D:1      | Quit the game

Skill      XL: |  1 |
---------------+----+-----
Conjurations   | 2 |  2.1
Dodging        | |  1.7
Stealth        | |  2.0
Spellcasting   | |  3.0
Summonings     | |  1.0
Translocations | |  0.8

Action                   || total
-------------------------++-------
Melee: Staff             ||     4
 Cast: Magic Dart        ||    15
Dodge: Dodged            ||     5
